 Dungeon Crawl Stone Soup version 0.22-a0-271-gc000056 (webtiles) character file.

14228 tidbits the Thaumaturge (level 12, -1/89 HPs)
             Began as a Gnoll Fire Elementalist on Mar 12, 2018.
             Was the Champion of Cheibriados.
             Slain by a vault guard
             ... wielding a +2 glaive of flaming
              (10 damage)
             ... on level 14 of the Dungeon.
             The game lasted 00:52:43 (4377 turns).

tidbits the Thaumaturge (Gnoll Fire Elementalist)   Turns: 4377, Time: 00:52:44

Health: -1/89      AC: 10    Str: 27    XL:     12   Next: 14%
Magic:  24/24      EV: 22    Int: 37    God:    Cheibriados [******]
Gold:   748        SH:  0    Dex: 36    Spells: 5/28 levels left

rFire    . . .     SeeInvis .   a - +1 short sword (elec)
rCold    . . .     Gourm    .   (no shield)
rNeg     + . .     Faith    .   B - +0 troll leather armour
rPois    .         Spirit   .   E - +0 hat
rElec    .         Reflect  .   C - +0 cloak
rCorr    .         Harm     .   G - +1 pair of gloves "Foesk" {*Corrode rN+ Dex+6}
MR       .....     Clarity  +   F - +0 pair of boots
Stlth    ++++++....             (no amulet)
HPRegen  0.64/turn              U - ring of stealth
MPRegen  0.19/turn              o - ring of wizardry

@: flying, invisible, very slow
A: distributed training, antennae 1, fangs 1, clarity, strong nose
a: Bend Time, Temporal Distortion, Slouch, Step From Time, Renounce Religion


You were on level 14 of the Dungeon.
You worshipped Cheibriados.
Cheibriados was exalted by your worship.
You were not hungry.

You visited 1 branch of the dungeon, and saw 14 of its levels.

You collected 748 gold pieces.

Inventory:

Hand Weapons
 a - a +1 short sword of electrocution (weapon)
   (You took it off a kobold on level 10 of the Dungeon)
 b - a +3 dagger
 s - a +1 falchion of pain
   (You took it off an orc on level 10 of the Dungeon)
 x - a +2 whip of venom
   (You took it off a gnoll on level 3 of the Dungeon)
 y - a +1 flail of crushing
   (You took it off an orc on level 3 of the Dungeon)
 D - a +0 trident of venom
   (You took it off a gnoll sergeant on level 9 of the Dungeon)
 O - the +2 quarterstaff of the Iron City of Dis {drain, +Inv rC- rN+ MR+++}
   (You found it on level 5 of the Dungeon)

   A truly terrible weapon, it drains the life of those it strikes.
   It makes you vulnerable to cold.
   It protects you from negative energy.
   It affects your resistance to hostile enchantments.
   It lets you turn invisible.
 P - a +1 scimitar of flaming
   (You took it off an efreet on level 13 of the Dungeon)
 S - a +1 flail of protection
   (You found it on level 6 of the Dungeon)
 W - a -1 morningstar
Missiles
 d - 185 arrows
 f - 159 stones
 i - 4 javelins
 J - 8 throwing nets {!f}
 R - 8 tomahawks (quivered)
Armour
 m - a +1 helmet
 B - a +0 troll leather armour (worn)
 C - a +0 cloak (worn)
 E - a +0 hat (worn)
 F - a +0 pair of boots (worn)
 G - the +1 pair of gloves "Foesk" (worn) {*Corrode rN+ Dex+6}
   (You found it on level 9 of the Dungeon)

   It affects your dexterity (+6).
   It protects you from negative energy.
   It may corrode you when you take damage.
 V - +0 acid dragon scales
 Z - a +0 pair of gloves
Magical Staves
 e - an uncursed staff of energy {!a}
   (You found it on level 5 of the Dungeon)
 t - an uncursed staff of earth
   (You found it on level 12 of the Dungeon)
Jewellery
 g - an uncursed ring of protection from cold
   (You found it on level 1 of the Dungeon)
 o - a ring of wizardry (right hand)
   (You found it on level 2 of the Dungeon)
 K - an uncursed ring of positive energy
   (You found it on level 4 of the Dungeon)
 U - a ring of stealth (left hand)
   (You found it on level 7 of the Dungeon)
Wands
 p - a wand of paralysis (2)
 w - a wand of acid (12)
Scrolls
 k - 2 scrolls of amnesia
 l - 3 scrolls of fear
 q - 2 scrolls of blinking {unknown}
 r - 4 scrolls of remove curse
 z - 2 scrolls of enchant weapon {unknown}
 A - a scroll of enchant armour {unknown}
 H - 3 scrolls of teleportation
 L - 4 scrolls of fog
 M - a scroll of immolation
 X - a scroll of vulnerability {unknown}
Potions
 j - a potion of heal wounds {unknown}
 n - a potion of flight
 u - 4 potions of curing
 v - a potion of mutation {!q}
 I - 2 potions of invisibility
 Q - a potion of lignification {unknown}
 T - a potion of might {unknown}
 Y - a potion of agility
Miscellaneous
 N - a phial of floods
Comestibles
 c - 17 rations


   Skills:
 + Level 6.9 Fighting
 + Level 6.9 Short Blades
 + Level 6.9 Long Blades
 + Level 6.9 Axes
 + Level 6.9 Maces & Flails
 + Level 6.9 Polearms
 + Level 6.9 Staves
 + Level 6.9 Slings
 + Level 6.9 Bows
 + Level 6.9 Crossbows
 + Level 6.9 Throwing
 + Level 6.9 Armour
 + Level 8.3 Dodging
 + Level 8.1 Stealth
 + Level 6.9 Shields
 + Level 6.9 Unarmed Combat
 + Level 8.6 Spellcasting
 + Level 6.1 Conjurations
 + Level 5.7 Hexes
 + Level 5.7 Charms
 + Level 5.7 Summonings
 + Level 5.7 Necromancy
 + Level 5.7 Translocations
 + Level 5.7 Transmutations
 + Level 8.0 Fire Magic
 + Level 5.7 Ice Magic
 + Level 5.7 Air Magic
 + Level 5.7 Earth Magic
 + Level 5.7 Poison Magic
 + Level 7.5 Invocations
 + Level 6.9 Evocations


You had 5 spell levels left.
You knew the following spells:

 Your Spells              Type           Power        Failure   Level  Hunger
a - Flame Tongue          Conj/Fire      #####        1%          1    None
c - Conjure Flame         Conj/Fire      ######..     1%          3    None
f - Fireball              Conj/Fire      ######....   1%          5    ###....
j - Throw Flame           Conj/Fire      ######       1%          2    None
n - Inner Flame           Hex/Fire       ######..     1%          3    None
t - Sticky Flame          Conj/Fire      ######..     1%          4    None
A - Apportation           Tloc           ######       1%          1    None
L - Summon Lightning Spi  Summ/Air       ######..     1%          4    None


Dungeon Overview and Level Annotations

Branches:
Dungeon (14/15)              Lair (0/6) D:10
 Temple: D:4-7          Orc: D:9-12      Vaults: D:13-14

Altars:
Cheibriados
Fedhas
Gozag
Okawaru
Qazlal
Trog

Annotations:
D:4 1 transporter
D:12 Erolcha


Innate Abilities, Weirdness & Mutations

Your experience applies equally to all skills.
You have very sharp teeth.
Your uncanny sense of smell can sniff out nearby items.
You have a pair of small antennae on your head.
You possess an exceptional clarity of mind.


Message History

You now have 748 gold pieces (gained 36).
Your lightning spire disappears in a puff of smoke!
Items here: !! ) ? [ | ††† Unknown command.
You barely miss the human.
The human shouts!
You hear a shout!
The human closely misses you.
A vault guard comes into view. It is wielding a glaive of flaming.
Casting: Flame Tongue (safe; 1% risk of failure)
Confirm with . or Enter, or press ? or * to list all spells.
Aiming: Summon Lightning Spire (safe; 1% risk of failure)
Press: ? - help, Dir - move target cursor An electric hum fills the air.
The human barely misses you.
Your lightning spire shoots out a bolt of lightning at the human!
The bolt of electricity hits the human.
The bolt of electricity misses the human.
The vault guard hits you from afar with a glaive of flaming.
The vault guard burns you.
Your lightning spire shoots out a bolt of lightning at the human!
The bolt of electricity hits the vault guard.
The bolt of electricity hits the human.
The human dies!
Cheibriados thoroughly appreciates the change of pace.
A freezing mist starts to gather...
A human simulacrum comes into view.
You completely miss the human simulacrum.
The vault guard hits you from afar with a glaive of flaming.
The vault guard burns you.
You hit the human simulacrum but do no damage.
You bite the human simulacrum.
The human simulacrum is moderately damaged.
The human simulacrum misses you.
You hit the human simulacrum but do no damage.
You bite the human simulacrum.
The human simulacrum is moderately damaged.
The vault guard completely misses you.
You hit the human simulacrum but do no damage.
The human simulacrum is moderately damaged.
The human simulacrum closely misses you.
You hit the human simulacrum.
The human simulacrum is severely damaged.
The vault guard hits you from afar with a glaive of flaming!
The vault guard burns you.
You barely miss the human simulacrum.
The human simulacrum is severely damaged.
The human simulacrum completely misses you.
You closely miss the human simulacrum.
The human simulacrum is severely damaged.
The vault guard misses you.
You puncture the human simulacrum!
The human simulacrum vapourises!
The vault guard hits you from afar with a glaive of flaming!
The vault guard burns you.
Casting: Summon Lightning Spire (safe; 1% risk of failure)
Confirm with . or Enter, or press ? or * to list all spells.
Aiming: Flame Tongue (safe; 1% risk of failure)
Press: ? - help, Shift-Dir - straight line, f - vault guard
Aim: a vault guard, wielding a glaive of flaming and wearing a plate armour (lightly wounded)
You hear a sizzling sound!
A human comes into view.
Your lightning spire disappears in a puff of smoke!
The vault guard hits you with a glaive of flaming!!
The vault guard burns you.
* * * LOW HITPOINT WARNING * * *
The human moves out of view.
The vault guard completely misses you.
Casting: Flame Tongue (safe; 1% risk of failure)
Confirm with . or Enter, or press ? or * to list all spells.
Aiming: Sticky Flame (safe; 1% risk of failure)
Press: ? - help, Shift-Dir - straight line, f/p - vault guard
Aim: a vault guard, wielding a glaive of flaming and wearing a plate armour (lightly wounded)
The sticky flame hits the vault guard.
The vault guard appears unharmed.
The vault guard is lightly wounded.
The vault guard is covered in liquid flames!
The vault guard burns!
The vault guard completely misses you.
Casting: Sticky Flame (safe; 1% risk of failure)
Confirm with . or Enter, or press ? or * to list all spells.
Aiming: Summon Lightning Spire (safe; 1% risk of failure)
Press: ? - help, Dir - move target cursor, p - vault guard An electric hum fills the air.
The vault guard burns!
The vault guard hits you with a glaive of flaming!
* * * LOW HITPOINT WARNING * * *
The vault guard burns you.
* * * LOW HITPOINT WARNING * * *
It was a potion of flight.
You feel very buoyant.
You fly up into the air.
The vault guard burns!
Okay, then.
Unknown command.
It was a potion of magic.
Magic courses through your body.
You hear the loud crackling of a very distant melting archway.
The vault guard burns!
The vault guard hits you with a glaive of flaming!
* * * LOW HITPOINT WARNING * * *
The vault guard burns you.
* * * LOW HITPOINT WARNING * * *
Unknown command.
You fade into invisibility!
The vault guard burns!
The vault guard hits you with a glaive of flaming!
You die...

#...###
∆#...#
∆{#...#
#...#
#...#
#..##
{#..# p
{#..#


#pp #@.# ##'''##p8# .......!.# ##.......# ######### You could see a vault guard
(burning) and a friendly lightning spire.

Vanquished Creatures
  2 two-headed ogres
  A necromancer (D:14)
  An ugly thing (D:13)
  An elephant (D:10)
  A gargoyle (D:10)
  An efreet (D:13)
  A komodo dragon (D:13)
  A troll (D:11)
  A hornet (D:11)
  4 slime creatures (D:13)
  2 hippogriffs
  A shadow (D:13)
  A wyvern (D:9)
  A vampire (D:11)
  Grum (D:8)
  2 basilisks (D:10)
  3 hungry ghosts
  A human (D:14)
  6 vampire mosquitoes
  3 yaks (D:11)
  An acid dragon (D:12)
  6 ice beasts
  2 orc warriors
  A phantom (D:9)
  A necrophage (D:10)
  2 wolves (D:8)
  5 ogres
  A centaur (D:9)
  A big kobold (D:10)
  5 bullfrogs
  4 gnoll sergeants (D:9)
  2 wyvern skeletons
  5 scorpions
  13 killer bees
  A howler monkey (D:4)
  5 crimson imps
  9 hounds
  A centaur zombie (D:10)
  2 centaur skeletons
  2 bullfrog skeletons
  A jelly (D:13)
  3 orc priests
  Terence (D:3)
  2 gnoll shamans (D:9)
  2 iguanas
  Natasha (D:4)
  5 orc wizards
  2 worker ants
  A hound zombie (D:11)
  A worker ant zombie (D:5)
  13 gnolls
  11 adders
  A shadow imp (D:3)
  2 worms
  3 dart slugs
  3 leopard geckos
  28 orcs
  A ball python (D:3)
  2 giant cockroaches
  9 goblins
  6 hobgoblins
  5 jackals
  7 bats
  4 frilled lizards
  2 gnoll zombies (D:5)
  8 kobolds
  A leopard gecko skeleton (D:5)
  5 rats
234 creatures vanquished.

Vanquished Creatures (collateral kills)
  A wizard (D:14)
  A deep elf mage (D:13)
  A manticore (D:14)
  A centaur zombie (D:12)
  A slime creature (D:13)
  A hippogriff (D:9)
  3 yaks (D:11)
  5 humans (D:14)
  A big kobold (D:8)
  A bullfrog (D:11)
  A gnoll sergeant (D:9)
  A crimson imp (D:9)
  A bullfrog zombie (D:9)
  2 hounds (D:9)
  9 gnolls (D:9)
  A shadow imp (D:8)
  4 orcs
  2 kobolds (D:8)
  2 bats (D:8)
39 creatures vanquished.

Grand Total: 273 creatures vanquished

Notes
Turn   | Place    | Note
-------+----------+-------------------------------------------
     0 | D:1      | tidbits the Gnoll Fire Elementalist began the quest for the Orb.
     0 | D:1      | Reached XP level 1. HP: 13/13 MP: 6/6
    76 | D:1      | Reached skill level 2 in Conjurations
    88 | D:2      | Reached XP level 2. HP: 19/19 MP: 2/7
    96 | D:2      | Learned a level 2 spell: Throw Flame
   417 | D:2      | Found an iron altar of Okawaru.
   540 | D:2      | Reached XP level 3. HP: 25/25 MP: 9/9
   546 | D:2      | Learned a level 3 spell: Conjure Flame
   554 | D:3      | Reached skill level 5 in Spellcasting
   563 | D:2      | Reached skill level 1 in Invocations
   634 | D:3      | Gained mutation: You have a pair of small antennae on your head. [potion of mutation]
   634 | D:3      | Gained mutation: You possess an exceptional clarity of mind. [potion of mutation]
   642 | D:3      | Noticed an ice beast
   647 | D:3      | Killed an ice beast
   647 | D:3      | Reached skill level 1 in Fighting
   647 | D:3      | Reached skill level 1 in Short Blades
   647 | D:3      | Reached skill level 1 in Long Blades
   647 | D:3      | Reached skill level 1 in Axes
   647 | D:3      | Reached skill level 1 in Maces & Flails
   647 | D:3      | Reached skill level 1 in Polearms
   647 | D:3      | Reached skill level 1 in Staves
   647 | D:3      | Reached skill level 1 in Slings
   647 | D:3      | Reached skill level 1 in Bows
   647 | D:3      | Reached skill level 1 in Crossbows
   647 | D:3      | Reached skill level 1 in Throwing
   647 | D:3      | Reached skill level 1 in Armour
   647 | D:3      | Reached skill level 1 in Shields
   647 | D:3      | Reached skill level 1 in Unarmed Combat
   647 | D:3      | Reached skill level 1 in Hexes
   647 | D:3      | Reached skill level 1 in Charms
   647 | D:3      | Reached skill level 1 in Summonings
   647 | D:3      | Reached skill level 1 in Necromancy
   647 | D:3      | Reached skill level 1 in Translocations
   647 | D:3      | Reached skill level 1 in Transmutations
   647 | D:3      | Reached skill level 1 in Ice Magic
   647 | D:3      | Reached skill level 1 in Air Magic
   647 | D:3      | Reached skill level 1 in Earth Magic
   647 | D:3      | Reached skill level 1 in Poison Magic
   647 | D:3      | Reached skill level 1 in Evocations
   647 | D:3      | Reached XP level 4. HP: 32/32 MP: 3/11
   647 | D:3      | Reached XP level 5. HP: 37/37 MP: 3/12
   908 | D:4      | Reached skill level 2 in Invocations
   908 | D:4      | Reached XP level 6. HP: 35/44 MP: 9/13
   989 | D:4      | Reached skill level 2 in Fighting
   989 | D:4      | Reached skill level 2 in Short Blades
   989 | D:4      | Reached skill level 2 in Long Blades
   989 | D:4      | Reached skill level 2 in Axes
   989 | D:4      | Reached skill level 2 in Maces & Flails
   989 | D:4      | Reached skill level 2 in Polearms
   989 | D:4      | Reached skill level 2 in Staves
   989 | D:4      | Reached skill level 2 in Slings
   989 | D:4      | Reached skill level 2 in Bows
   989 | D:4      | Reached skill level 2 in Crossbows
   989 | D:4      | Reached skill level 2 in Throwing
   989 | D:4      | Reached skill level 2 in Armour
   989 | D:4      | Reached skill level 5 in Dodging
   989 | D:4      | Reached skill level 2 in Shields
   989 | D:4      | Reached skill level 2 in Unarmed Combat
   989 | D:4      | Reached skill level 2 in Evocations
   996 | D:4      | Learned a level 4 spell: Sticky Flame
  1012 | D:4      | Found a snail-covered altar of Cheibriados.
  1012 | D:4      | Found a bloodstained altar of Trog.
  1021 | D:4      | Became a worshipper of Cheibriados the Contemplative
  1101 | D:4      | Found a transporter.
  1123 | D:4      | Noticed Natasha
  1131 | D:4      | Killed Natasha
  1232 | D:3      | Reached XP level 7. HP: 37/50 MP: 9/15
  1308 | D:3      | Reached * piety under Cheibriados
  1368 | D:5      | Entered Level 5 of the Dungeon
  1457 | D:3      | Noticed Terence
  1468 | D:3      | Killed Terence
  1572 | D:5      | Got a faintly glowing quarterstaff
  1573 | D:5      | Identified the +2 quarterstaff of the Iron City of Dis {drain, +Inv rC- rN+ MR+++} (You found it on level 5 of the Dungeon)
  1736 | D:5      | Reached skill level 2 in Hexes
  1736 | D:5      | Reached skill level 2 in Charms
  1736 | D:5      | Reached skill level 2 in Summonings
  1736 | D:5      | Reached skill level 2 in Necromancy
  1736 | D:5      | Reached skill level 2 in Translocations
  1736 | D:5      | Reached skill level 2 in Transmutations
  1736 | D:5      | Reached skill level 2 in Ice Magic
  1736 | D:5      | Reached skill level 2 in Air Magic
  1736 | D:5      | Reached skill level 2 in Earth Magic
  1736 | D:5      | Reached skill level 2 in Poison Magic
  1743 | D:5      | Reached skill level 3 in Conjurations
  1836 | D:6      | Reached skill level 5 in Stealth
  1838 | D:6      | Reached skill level 3 in Invocations
  1839 | D:6      | Reached XP level 8. HP: 49/57 MP: 7/16
  1841 | D:6      | Reached skill level 6 in Fire Magic
  1853 | D:6      | Reached skill level 3 in Fighting
  1853 | D:6      | Reached skill level 3 in Short Blades
  1853 | D:6      | Reached skill level 3 in Long Blades
  1853 | D:6      | Reached skill level 3 in Axes
  1853 | D:6      | Reached skill level 3 in Maces & Flails
  1853 | D:6      | Reached skill level 3 in Polearms
  1853 | D:6      | Reached skill level 3 in Staves
  1853 | D:6      | Reached skill level 3 in Slings
  1853 | D:6      | Reached skill level 3 in Bows
  1853 | D:6      | Reached skill level 3 in Crossbows
  1853 | D:6      | Reached skill level 3 in Throwing
  1853 | D:6      | Reached skill level 3 in Armour
  1853 | D:6      | Reached skill level 3 in Shields
  1853 | D:6      | Reached skill level 3 in Unarmed Combat
  1853 | D:6      | Reached skill level 3 in Evocations
  1855 | D:6      | Reached ** piety under Cheibriados
  1906 | D:6      | Found a blossoming altar of Fedhas.
  1907 | D:6      | Found a stormy altar of Qazlal.
  1938 | D:7      | Reached skill level 6 in Spellcasting
  2027 | D:7      | Learned a level 3 spell: Inner Flame
  2140 | D:8      | Learned a level 4 spell: Summon Lightning Spire
  2170 | D:8      | Reached skill level 3 in Hexes
  2170 | D:8      | Reached skill level 3 in Charms
  2170 | D:8      | Reached skill level 3 in Summonings
  2170 | D:8      | Reached skill level 3 in Necromancy
  2170 | D:8      | Reached skill level 3 in Translocations
  2170 | D:8      | Reached skill level 3 in Transmutations
  2170 | D:8      | Reached skill level 3 in Ice Magic
  2170 | D:8      | Reached skill level 3 in Air Magic
  2170 | D:8      | Reached skill level 3 in Earth Magic
  2170 | D:8      | Reached skill level 3 in Poison Magic
  2170 | D:8      | Reached skill level 4 in Invocations
  2187 | D:8      | Reached XP level 9. HP: 65/65 MP: 8/18
  2191 | D:8      | Reached skill level 6 in Dodging
  2233 | D:8      | Noticed Grum
  2241 | D:8      | Killed Grum
  2241 | D:8      | Reached skill level 4 in Fighting
  2241 | D:8      | Reached skill level 4 in Short Blades
  2241 | D:8      | Reached skill level 4 in Long Blades
  2241 | D:8      | Reached skill level 4 in Axes
  2241 | D:8      | Reached skill level 4 in Maces & Flails
  2241 | D:8      | Reached skill level 4 in Polearms
  2241 | D:8      | Reached skill level 4 in Staves
  2241 | D:8      | Reached skill level 4 in Slings
  2241 | D:8      | Reached skill level 4 in Bows
  2241 | D:8      | Reached skill level 4 in Crossbows
  2241 | D:8      | Reached skill level 4 in Throwing
  2241 | D:8      | Reached skill level 4 in Armour
  2241 | D:8      | Reached skill level 4 in Shields
  2241 | D:8      | Reached skill level 4 in Unarmed Combat
  2241 | D:8      | Reached skill level 4 in Conjurations
  2241 | D:8      | Reached skill level 4 in Evocations
  2370 | D:8      | Reached *** piety under Cheibriados
  2450 | D:8      | Reached skill level 6 in Stealth
  2531 | D:9      | Found an opulent altar of Gozag.
  2548 | D:9      | Got a pair of brightly glowing gloves
  2560 | D:9      | Identified the +1 pair of gloves "Foesk" {*Corrode rN+ Dex+6} (You found it on level 9 of the Dungeon)
  2623 | D:9      | Reached skill level 5 in Invocations
  2658 | D:10     | Entered Level 10 of the Dungeon
  2684 | D:11     | Learned a level 1 spell: Apportation
  2781 | D:10     | Reached XP level 10. HP: 53/73 MP: 20/20
  2812 | D:10     | Noticed a gargoyle
  2823 | D:10     | Killed a gargoyle
  2823 | D:10     | Reached skill level 7 in Spellcasting
  2823 | D:10     | Reached skill level 4 in Hexes
  2823 | D:10     | Reached skill level 4 in Charms
  2823 | D:10     | Reached skill level 4 in Summonings
  2823 | D:10     | Reached skill level 4 in Necromancy
  2823 | D:10     | Reached skill level 4 in Translocations
  2823 | D:10     | Reached skill level 4 in Transmutations
  2823 | D:10     | Reached skill level 4 in Ice Magic
  2823 | D:10     | Reached skill level 4 in Air Magic
  2823 | D:10     | Reached skill level 4 in Earth Magic
  2823 | D:10     | Reached skill level 4 in Poison Magic
  2848 | D:10     | Reached **** piety under Cheibriados
  2889 | D:10     | Noticed a two-headed ogre
  2901 | D:10     | Killed a two-headed ogre
  2901 | D:10     | Reached skill level 5 in Fighting
  2901 | D:10     | Reached skill level 5 in Short Blades
  2901 | D:10     | Reached skill level 5 in Long Blades
  2901 | D:10     | Reached skill level 5 in Axes
  2901 | D:10     | Reached skill level 5 in Maces & Flails
  2901 | D:10     | Reached skill level 5 in Polearms
  2901 | D:10     | Reached skill level 5 in Staves
  2901 | D:10     | Reached skill level 5 in Slings
  2901 | D:10     | Reached skill level 5 in Bows
  2901 | D:10     | Reached skill level 5 in Crossbows
  2901 | D:10     | Reached skill level 5 in Throwing
  2901 | D:10     | Reached skill level 5 in Armour
  2901 | D:10     | Reached skill level 5 in Shields
  2901 | D:10     | Reached skill level 5 in Unarmed Combat
  2901 | D:10     | Reached skill level 7 in Fire Magic
  2901 | D:10     | Reached skill level 5 in Evocations
  2963 | D:10     | Found a staircase to the Lair.
  2993 | D:10     | Reached skill level 7 in Dodging
  3048 | D:10     | Learned a level 5 spell: Fireball
  3059 | D:10     | Noticed an elephant
  3065 | D:10     | Killed an elephant
  3163 | D:9      | Reached skill level 5 in Conjurations
  3163 | D:9      | Reached ***** piety under Cheibriados
  3262 | D:9      | Reached skill level 6 in Invocations
  3300 | D:9      | Reached skill level 7 in Stealth
  3454 | D:11     | Reached XP level 11. HP: 78/81 MP: 6/22
  3500 | D:11     | Noticed a two-headed ogre
  3503 | D:11     | Killed a two-headed ogre
  3580 | D:11     | Reached skill level 6 in Fighting
  3580 | D:11     | Reached skill level 6 in Short Blades
  3580 | D:11     | Reached skill level 6 in Long Blades
  3580 | D:11     | Reached skill level 6 in Axes
  3580 | D:11     | Reached skill level 6 in Maces & Flails
  3580 | D:11     | Reached skill level 6 in Polearms
  3580 | D:11     | Reached skill level 6 in Staves
  3580 | D:11     | Reached skill level 6 in Slings
  3580 | D:11     | Reached skill level 6 in Bows
  3580 | D:11     | Reached skill level 6 in Crossbows
  3580 | D:11     | Reached skill level 6 in Throwing
  3580 | D:11     | Reached skill level 6 in Armour
  3580 | D:11     | Reached skill level 6 in Shields
  3580 | D:11     | Reached skill level 6 in Unarmed Combat
  3580 | D:11     | Reached skill level 6 in Evocations
  3654 | D:12     | Reached skill level 5 in Hexes
  3654 | D:12     | Reached skill level 5 in Charms
  3654 | D:12     | Reached skill level 5 in Summonings
  3654 | D:12     | Reached skill level 5 in Necromancy
  3654 | D:12     | Reached skill level 5 in Translocations
  3654 | D:12     | Reached skill level 5 in Transmutations
  3654 | D:12     | Reached skill level 5 in Ice Magic
  3654 | D:12     | Reached skill level 5 in Air Magic
  3654 | D:12     | Reached skill level 5 in Earth Magic
  3654 | D:12     | Reached skill level 5 in Poison Magic
  3746 | D:12     | Noticed Erolcha
  3780 | D:12     | Reached skill level 8 in Spellcasting
  3911 | D:13     | Noticed a deep elf mage
  3919 | D:13     | Killed a deep elf mage
  3974 | D:13     | Noticed a brown ugly thing
  3979 | D:13     | Killed a brown ugly thing
  4089 | D:13     | Reached ****** piety under Cheibriados
  4089 | D:13     | Reached skill level 7 in Invocations
  4112 | D:13     | Reached skill level 8 in Dodging
  4265 | D:14     | Noticed a manticore
  4275 | D:13     | Reached skill level 6 in Conjurations
  4288 | D:14     | Killed a manticore
  4288 | D:14     | Reached skill level 8 in Stealth
  4295 | D:14     | Noticed a wizard
  4311 | D:14     | Killed a wizard
  4311 | D:14     | Reached XP level 12. HP: 68/89 MP: 14/24
  4351 | D:14     | Reached skill level 8 in Fire Magic
  4360 | D:14     | Noticed a vault guard
  4377 | D:14     | Slain by a vault guard

Vault maps used:
D:1:      eino_arrival_cavern_d, minmay_misc_feat_hallway
D:2:      first_ration, okawaru_metal_pillars_3
D:3:      uniq_terence
D:4:      gammafunk_cloud_chamber, gammafunk_temple_overflow_statue,
          minmay_misc_feat_ornament, uniq_natasha
D:5:      lemuel_zombie_altar_yredelemnul, hangedman_abyss_or_decor_passed
D:6:      grunt_temple_overflow_forces_of_nature,
          minmay_temple_entry_enclosed_plants, basic_altar,
          minmay_misc_feat_room, uniq_crazy_yiuf_cottage, uniq_sigmund,
          uniq_blork_the_orc
D:7:      kennysheep_housing_project
D:8:      old_forge, uniq_grum
D:9:      grunt_gozag_statues, serial_gnoll_camp, gnoll_camp_huts_moat,
          gnoll_camp_mini_hut, gnoll_camp_mini_hut, gnoll_camp_mini_sergeant,
          gnoll_camp_mini_basic
D:10:     david_lair_generic
D:11:     basic_altar, david_nohive_1
D:12:     orc_0_dummy, uniq_erolcha
D:13:     minmay_door_square
D:14:     grunt_vaults_entry_tiered, portal_ice_cave_entry_imps,
          minmay_staircase_bubble

Skill      XL: |  1  2  3  4  5  6  7  8  9 10 11 12 |
---------------+-------------------------------------+-----
Conjurations   | 2 3 4 5 6 |  6.1
Spellcasting   | 5 6 7 8 |  8.6
Invocations    | 1 2 3 4 5 6 7 |  7.5
Fighting       | 1 2 3 4 5 6 |  6.9
Short Blades   | 1 2 3 4 5 6 |  6.9
Long Blades    | 1 2 3 4 5 6 |  6.9
Axes           | 1 2 3 4 5 6 |  6.9
Maces & Flails | 1 2 3 4 5 6 |  6.9
Polearms       | 1 2 3 4 5 6 |  6.9
Staves         | 1 2 3 4 5 6 |  6.9
Slings         | 1 2 3 4 5 6 |  6.9
Bows           | 1 2 3 4 5 6 |  6.9
Crossbows      | 1 2 3 4 5 6 |  6.9
Throwing       | 1 2 3 4 5 6 |  6.9
Armour         | 1 2 3 4 5 6 |  6.9
Shields        | 1 2 3 4 5 6 |  6.9
Unarmed Combat | 1 2 3 4 5 6 |  6.9
Hexes          | 1 2 3 4 5 |  5.7
Charms         | 1 2 3 4 5 |  5.7
Summonings     | 1 2 3 4 5 |  5.7
Necromancy     | 1 2 3 4 5 |  5.7
Translocations | 1 2 3 4 5 |  5.7
Transmutations | 1 2 3 4 5 |  5.7
Ice Magic      | 1 2 3 4 5 |  5.7
Air Magic      | 1 2 3 4 5 |  5.7
Earth Magic    | 1 2 3 4 5 |  5.7
Poison Magic   | 1 2 3 4 5 |  5.7
Evocations     | 1 2 3 4 5 6 |  6.9
Dodging        | 5 6 7 8 |  8.3
Stealth        | 5 6 7 8 |  8.1
Fire Magic     | 6 7 8 |  8.0

Action                   |  1- 3 |  4- 6 |  7- 9 | 10-12 || total
-------------------------+-------+-------+-------+-------++-------
Melee: Dagger            |    10 |     1 |    57 |    15 ||    83
       Whip              |       |    64 |    57 |       ||   121
       Bite              |       |     2 |    19 |    26 ||    47
       Quarterstaff      |       |       |    47 |       ||    47
       Flail             |       |       |    11 |     5 ||    16
       Punch             |       |       |     1 |     9 ||    10
       Short sword       |       |       |       |   139 ||   139
Throw: Tomahawk          |       |       |       |     3 ||     3
 Cast: Flame Tongue      |    29 |    29 |    44 |    55 ||   157
       Throw Flame       |     1 |     7 |     7 |     8 ||    23
       Conjure Flame     |     1 |       |     1 |       ||     2
       Sticky Flame      |       |     3 |    34 |    46 ||    83
       Inner Flame       |       |       |     1 |       ||     1
       Summon Lightning  |       |       |     2 |    20 ||    22
       Fireball          |       |       |       |     1 ||     1
Evoke: Wand              |       |       |     5 |     7 ||    12
  Use: Scroll            |     5 |     3 |     4 |     3 ||    15
       Potion            |     1 |       |       |     3 ||     4
 Stab: Sleeping          |     9 |     1 |    14 |    16 ||    40
       Distracted        |       |       |     1 |     9 ||    10
       Paralysed         |       |       |     2 |     2 ||     4
  Eat: Chunk             |       |     1 |     6 |     1 ||     8
       Ration            |       |       |     1 |     2 ||     3
Armor: Robe              |     1 |     9 |    29 |    16 ||    55
       Troll leather arm |       |       |       |    20 ||    20
Dodge: Dodged            |     2 |    61 |   146 |   188 ||   397

Table legend:
 A = Spawn XP
 B = Non-spawn XP
 C = Spawn XP percentage of total XP
 D = Spawn monster count
 E = Non-spawn monster count
 F = Spawn count percentage of total count
 G = Total turns spent on level
                    A         B        C        D         E        F      G
               +---------+---------+-------+---------+---------+-------+---------
         Total |       0 |   20326 |   0.0 |       0 |     273 |   0.0 |  4377
               +---------+---------+-------+---------+---------+-------+---------
           D:1 |       0 |      11 |   0.0 |       0 |       8 |   0.0 |   161
           D:2 |       0 |      37 |   0.0 |       0 |      15 |   0.0 |   484
           D:3 |       0 |     340 |   0.0 |       0 |      30 |   0.0 |   391
           D:4 |       0 |     422 |   0.0 |       0 |      23 |   0.0 |   484
           D:5 |       0 |     125 |   0.0 |       0 |      12 |   0.0 |   261
           D:6 |       0 |     577 |   0.0 |       0 |      12 |   0.0 |   136
           D:7 |       0 |     504 |   0.0 |       0 |       6 |   0.0 |   198
           D:8 |       0 |    1283 |   0.0 |       0 |      31 |   0.0 |   358
           D:9 |       0 |    2162 |   0.0 |       0 |      47 |   0.0 |   482
          D:10 |       0 |    2944 |   0.0 |       0 |      24 |   0.0 |   437
          D:11 |       0 |    3253 |   0.0 |       0 |      21 |   0.0 |   238
          D:12 |       0 |    1481 |   0.0 |       0 |      10 |   0.0 |   270
          D:13 |       0 |    4716 |   0.0 |       0 |      21 |   0.0 |   374
          D:14 |       0 |    2471 |   0.0 |       0 |      13 |   0.0 |   103
               +---------+---------+-------+---------+---------+-------+---------

Table legend:
 A = Turns spent in this place as a percentage of turns spent in the entire game.
 B = Non-inter-level travel turns spent in this place as a percentage of non-inter-level travel turns spent in the entire game.
 C = Inter-level travel turns spent in this place as a percentage of turns spent in this place.
 D = Turns resting spent in this place as a percentage of non-inter-level travel turns spent in this place.
 E = Turns spent auto-exploring this place as a percentage of non-inter-level travel turns spent in this place.
 F = Non-inter-level travel turns spent in this place divided by the number of levels of this place that you've seen.
                   A       B       C       D       E      F
               +-------+-------+-------+-------+-------+----------------------
         Total | 100.0 | 100.0 |   0.3 |   0.3 |   0.0 | 311.6
       Dungeon | 100.0 | 100.0 |   0.3 |   0.3 |   0.0 | 311.6
               +-------+-------+-------+-------+-------+----------------------

Table legend:
 A = Kills in this place as a percentage of kills in entire the game.
 B = Kills by you in this place as a percentage of kills by you in the entire game.
 C = Kills by friends in this place as a percentage of kills by friends in the entire game.
 D = Other kills in this place as a percentage of other kills in the entire game.
 E = Experience gained in this place as a percentage of experience gained in the entire game.
 F = Experience gained in this place divided by the number of levels of this place that you have seen.
                   A       B       C       D       E      F
               +-------+-------+-------+-------+-------+----------------------
         Total | 100.0 | 100.0 | 100.0 |   N/A | 100.0 | 1451.9
       Dungeon | 100.0 | 100.0 | 100.0 |   N/A | 100.0 | 1451.9
               +-------+-------+-------+-------+-------+----------------------

Vault maps used:
D:1:      eino_arrival_cavern_d, minmay_misc_feat_hallway
D:2:      first_ration, okawaru_metal_pillars_3
D:3:      uniq_terence
D:4:      gammafunk_cloud_chamber, gammafunk_temple_overflow_statue,
          minmay_misc_feat_ornament, uniq_natasha
D:5:      lemuel_zombie_altar_yredelemnul, hangedman_abyss_or_decor_passed
D:6:      grunt_temple_overflow_forces_of_nature,
          minmay_temple_entry_enclosed_plants, basic_altar,
          minmay_misc_feat_room, uniq_crazy_yiuf_cottage, uniq_sigmund,
          uniq_blork_the_orc
D:7:      kennysheep_housing_project
D:8:      old_forge, uniq_grum
D:9:      grunt_gozag_statues, serial_gnoll_camp, gnoll_camp_huts_moat,
          gnoll_camp_mini_hut, gnoll_camp_mini_hut, gnoll_camp_mini_sergeant,
          gnoll_camp_mini_basic
D:10:     david_lair_generic
D:11:     basic_altar, david_nohive_1
D:12:     orc_0_dummy, uniq_erolcha
D:13:     minmay_door_square
D:14:     grunt_vaults_entry_tiered, portal_ice_cave_entry_imps,
          minmay_staircase_bubble
